AoeStats
← Kaizoku Oh

Yucatan

510839475Analyzed
4v4 RM · 6h ago on Oct 2, 2026· 82m 6s· 8 players
Game mode
Random Map
Map size
Large (8 player)
Population
200
Speed
Normal
Resources
Standard
Victory
Conquest
Starting age
Dark Age
Ending age
Imperial Age
RankedLock teamsTeams togetherTeam positionsShared explorationLock speedFull tech treeHidden civsTurbo modeCheats
Victory
Defeat
🇬🇧 Cumans · United Kingdom
947
+18
🇳🇱 Mongols · Netherlands
941
+18
🇦🇷 Inca · Argentina
928
+19
🇸🇪 Celts · Sweden
903
+20
🇩🇪 Bohemians · Germany
1015
-21
🇩🇪 Malians · Germany
1013
-20
🇬🇧 Khmer · United Kingdom
972
-18
🇷🇴 Aztecs · Romania
935
-16
Empomagic
4:48 Loom
11:57 Feudal Age
13:55 Stone Mining
17:16 Castle Age
15:00 Horse Collar
15:13 Double-Bit Axe
18:22 Bow Saw
18:33 Heavy Plow
24:04 Gold Mining
26:17 Bloodlines
26:07 Husbandry
26:04 Fletching
27:19 Wheelbarrow
27:47 Bodkin Arrow
27:53 Padded Archer Armor
32:35 Thumb Ring
35:50 Imperial Age
35:05 Hand Cart
37:49 Drill
37:09 Elite Mangudai
37:59 Bracer
38:24 Leather Archer Armor
37:57 Capped Ram
39:38 Parthian Tactics
39:37 Conscription
39:36 Siege Ram
41:42 Ballistics
42:23 Chemistry
41:43 Siege Engineers
47:42 Hoardings
50:26 Crossbowman
51:33 Arbalester
kuro3bb
10:26 Feudal Age
11:45 Wheelbarrow
10:56 Double-Bit Axe
15:43 Castle Age
16:06 Forging
17:04 Bow Saw
17:42 Gold Mining
22:23 Iron Casting
24:06 Bloodlines
27:29 Hand Cart
28:33 Capped Ram
29:32 Scale Mail Armor
28:57 Man-at-Arms
29:38 Squires
30:23 Horse Collar
33:42 Scale Barding Armor
33:53 Chain Mail Armor
33:01 Long Swordsman
40:45 Imperial Age
39:41 Hand Cart
40:09 Chain Barding Armor
40:47 Cavalier
40:59 Two-Handed Swordsman
43:05 Conscription
42:59 Steppe Husbandry
44:11 Elite Steppe Lancer
48:08 Champion
50:19 Blast Furnace
53:49 Paladin
56:47 Caravan
58:43 Gold Shaft Mining
57:58 Stone Mining
65:21 Two-Man Saw
64:23 Heavy Plow
65:47 Plate Barding Armor
65:43 Plate Mail Armor
Konny Kalsong
4:14 Loom
5:18 Loom
11:23 Feudal Age
12:38 Double-Bit Axe
15:52 Castle Age
16:16 Pikeman
18:59 Bow Saw
28:08 Wheelbarrow
32:41 Imperial Age
32:06 Horse Collar
33:30 Hand Cart
33:04 Halberdier
35:13 Heavy Scorpion
36:02 Siege Engineers
36:12 Heavy Plow
37:19 Conscription
38:36 Scale Mail Armor
38:46 Forging
40:55 Furor Celtica
44:26 Chain Mail Armor
44:46 Iron Casting
46:42 Gold Mining
46:44 Stone Mining
48:19 Plate Mail Armor
48:50 Blast Furnace
48:49 Stronghold
51:08 Chemistry
51:11 Arrowslits
77:54 Gold Shaft Mining
77:55 Stone Shaft Mining
Luce
12:02 Feudal Age
16:29 Horse Collar
16:34 Double-Bit Axe
16:41 Gold Mining
16:42 Stone Mining
19:20 Castle Age
18:18 Scale Mail Armor
18:29 Forging
20:15 Heavy Plow
20:25 Bow Saw
20:53 Gold Shaft Mining
20:57 Stone Shaft Mining
34:49 Imperial Age
31:48 Champi Runner
32:29 Squires
36:00 Champi Warrior
38:34 Crop Rotation
39:08 Iron Casting
38:50 Chain Mail Armor
38:20 Onager
40:18 Wheelbarrow
39:29 Loom
41:39 Elite Kamayuk
42:20 Andean Sling
44:45 Hand Cart
45:32 Blast Furnace
Maudi
0:29 Loom
10:35 Feudal Age
16:47 Castle Age
15:49 Double-Bit Axe
17:48 Wheelbarrow
19:18 Fervor
25:48 Town Watch
26:39 Horse Collar
29:35 Heavy Plow
29:49 Bow Saw
30:33 Pikeman
31:14 Squires
32:27 Chemistry
34:29 Imperial Age
34:09 Chemistry
33:05 Murder Holes
33:22 Fletching
33:33 Scale Mail Armor
33:43 Forging
33:34 Elite Skirmisher
34:11 Bodkin Arrow
36:56 Houfnice
38:57 Bracer
39:38 Padded Archer Armor
40:03 Siege Engineers
42:13 Arson
44:18 Halberdier
46:13 Chain Mail Armor
46:33 Iron Casting
46:46 Conscription
65:49 Wagenburg Tactics
66:34 Leather Archer Armor
Kaizoku Oh
9:48 Feudal Age
12:33 Loom
15:58 Castle Age
17:01 Double-Bit Axe
18:17 Horse Collar
19:36 Bow Saw
24:33 Pikeman
46:43 Wheelbarrow
48:45 Hand Cart
50:49 Hand Cart
55:15 Heavy Plow
57:50 Imperial Age
58:29 Heavy Scorpion
61:09 Crop Rotation
62:28 Gold Mining
64:36 Conscription
71:46 Halberdier
74:20 Halberdier
76:14 Gold Shaft Mining
76:23 Double Crossbow
slayopatra
3:33 Loom
11:40 Feudal Age
16:10 Castle Age
15:30 Gold Mining
15:32 Stone Mining
15:29 Double-Bit Axe
23:29 Wheelbarrow
28:35 Fishing Lines
31:49 Tigui
33:33 Hand Cart
40:18 Imperial Age
38:39 Forging
38:30 Scale Mail Armor
40:18 Iron Casting
40:56 Chain Mail Armor
41:29 Capped Ram
41:32 Elite Gbeto
42:52 Plate Mail Armor
45:48 Onager
47:46 Chemistry
47:03 Squires
46:48 Arson
58:27 Light Cavalry
59:07 Husbandry
59:45 Bloodlines
60:32 Gold Shaft Mining
60:33 Stone Shaft Mining
60:04 Farimba
60:05 Heavy Camel Rider
62:41 Gillnets
70:20 Scale Barding Armor
Veni Vidi Avicii 2
2:39 Loom
13:03 Feudal Age
15:11 Horse Collar
15:18 Double-Bit Axe
18:08 Town Watch
18:29 Stone Mining
21:03 Castle Age
19:40 Wheelbarrow
21:47 Heavy Plow
22:00 Bow Saw
23:30 Hand Cart
29:57 Gold Mining
31:56 Forging
31:46 Scale Mail Armor
34:00 Gold Shaft Mining
34:11 Iron Casting
33:58 Chain Mail Armor
38:14 Imperial Age
38:00 Stone Shaft Mining
37:35 Gambesons
37:54 Squires
37:41 Arson
37:24 Pikeman
39:26 Coinage
39:21 Conscription
39:24 Garland Wars
38:37 Sappers
39:58 Crop Rotation
40:36 Blast Furnace
40:07 Plate Mail Armor
40:06 Elite Jaguar Warrior
41:36 Banking
46:45 Atlatl
53:26 Fletching
53:36 Padded Archer Armor
54:54 Bodkin Arrow
54:21 Elite Skirmisher
55:39 Bracer
58:30 Chemistry
59:58 Ballistics
59:36 Murder Holes
59:51 Fortified Wall
59:22 Treadmill Crane
Connection lost

Rejoining the realm…

Still unreachable

The connection could not be restored.

Session expired

The server has moved on; the page needs a fresh start.